 Dungeon Crawl Stone Soup version bcrawl-1.27.6 (webtiles) character file.

Game seed: 343248945173027151

259552 DogServant the Ruffian (level 8, -6/66 HPs)
             Began as a Purple Draconian Transmuter on Oct 5, 2020.
             Was a Follower of Wu Jian.
             Mangled by an orc warrior
             ... wielding a +4 dire flail of protection
              (21 damage)
             ... on level 6 of the Dungeon.
             The game lasted 00:10:13 (4849 turns).

DogServant the Ruffian (DrTm)                       Turns: 4849, Time: 00:10:14

Health: -6/66      AC:  9    Str: 19    XL:     8   Next: 45%
Magic:  10/11      EV: 17    Int: 13    God:    Wu Jian [*.....]
Gold:   388        SH:  0    Dex: 13    Spells: 5/11 levels left

rFire    . . .     SeeInvis .     - Fists (14.4)
rCold    . . .     Gourm    .   (no shield)
rNeg     . . .     Faith    .   (armour unavailable)
rPois    .         Spirit   .   (helmet restricted)
rElec    .         Reflect  .   (no cloak)
rCorr    +         Harm     .   b - +2 pair of gloves
MR       +....                  (boots currently unavailable)
Stlth    +.........             (no amulet)
HPRegen  0.21/turn              m - ring of resist corrosion
MPRegen  0.12/turn              r - +4 ring of evasion

@: mighty, appendage
A: breathe power, unfitting armour, talons 3, cold-blooded, AC +6
a: Breathe Dispelling Energy, End Transformation, Wall Jump, Renounce Religion


You were on level 6 of the Dungeon.
You worshipped Wu Jian.
Wu Jian was aware of your devotion.
You were not hungry.
You had grown temporary talons.
You visited 1 branch of the dungeon, and saw 6 of its levels.

You collected 388 gold pieces.

Inventory:

Hand Weapons
 E - a +0 blowgun
Missiles
 a - 585 arrows
 u - 49 curare-tipped needles
Armour
 b - a +2 pair of gloves (worn)
 v - a +0 pair of boots
Jewellery
 j - a +5 ring of strength {unknown}
 m - a ring of resist corrosion (left hand)
 r - a +4 ring of evasion (right hand)
 w - the ring of the Sunfish {+Inv +Fly EV+6, unknown}
   (You found it on level 5 of the Dungeon)

   [ring of evasion]

   It affects your evasion (+6).
   It lets you turn invisible.
   It lets you fly.
Wands
 z - a wand of flame (16)
 B - a wand of enslavement (4)
 C - a wand of disintegration (14)
Scrolls
 d - 4 scrolls of remove curse
 f - 3 scrolls of enchant armour
 n - 2 scrolls of blinking {unknown}
 o - a scroll of amnesia {unknown}
 s - a scroll of immolation {unknown}
 x - 2 scrolls of enchant weapon {unknown}
 y - 2 scrolls of identify
 A - a scroll of fog {unknown}
 F - a scroll of fear {unknown}
Potions
 c - a potion of lignification
 h - 2 potions of brilliance
 i - a potion of magic
 k - a potion of berserk rage
 l - 2 potions of flight {unknown}
 p - 2 potions of mutation {unknown}
 q - 2 potions of curing {unknown}
 t - 3 potions of invisibility {unknown}
Comestibles
 e - 8 rations {!d}
 D - a chunk of flesh


   Skills:
 + Level 4.0 Fighting
 + Level 3.7 Dodging
 * Level 7.8 Unarmed Combat
 - Level 2.4 Spellcasting
 - Level 4.4 Transmutations
 + Level 3.4 Poison Magic


You had 5 spell levels left.
You knew the following spells:

 Your Spells              Type           Power        Failure   Level  Hunger
a - Beastly Appendage     Tmut           ##....       3%          1    None
b - Spider Form           Tmut/Pois      ##.          14%         3    ####...
c - Sticks to Snakes      Tmut           ##......     6%          2    ##.....

Your spell library contained the following spells:

 Spells                   Type           Power        Failure   Level  Hunger
 Passwall                 Tmut/Erth      #.......     14%         2    ##.....
 Ice Form                 Ice/Tmut       #.......     67%         4    ######.
 Blade Hands              Tmut           ##........   71%         5    #######


Dungeon Overview and Level Annotations

Branches:
Dungeon (6/12)             Temple (0/1) D:6

Altars:
Gozag
Lugonu
Okawaru
Uskayaw
Wu Jian
Xom
The Shining One

Annotations:
D:2 1 runed door


Innate Abilities, Weirdness & Mutations

You can breathe bolts of dispelling energy.
Your rich purple scales are hard. (AC +6)
You cannot fit into any form of body armour.
You are cold-blooded and may be slowed by cold attacks.
You have claws for feet.


Message History

Something hits you but does no damage.
The orc warrior hits you but does no damage.
The orc barely misses you.
The orc wizard suddenly curses.
You punch the orc warrior! Your kick misses the orc warrior.
You tail-slap the orc warrior, but do no damage.
The orc warrior is severely wounded.
Something hits you.
The orc warrior hits you with a +4 dire flail of protection.
* * * LOW HITPOINT WARNING * * *
You closely miss the orc warrior.
You claw the orc warrior, but do no damage.
Your tail-slap misses the orc warrior.
The orc warrior is severely wounded.
The orc completely misses you. Something hits you.
* * * LOW HITPOINT WARNING * * *
You hit the orc warrior but do no damage.
The orc warrior is severely wounded.
The orc warrior hits you with a +4 dire flail of protection!!
You die...

...........#
...........############
......##+##.).........# ......#
#...........# ......#
#...........# ......#
#...........# ......#
#...........# ......#
#...........#
.)....#.###.....@oo...##
##'####.#......oo......#
........#........(.....#.......
...)....#..............#...o.o.
........#..............#...o...
#.......#..............#..o...
.#
#.......#..............#..ยง..
..# ........#..............#..#
#..#
........#.....(..###+....##
#...#


You could see an orc warrior, an orc wizard and 2 orcs.

Vanquished Creatures
  Grinder (D:3)
  Edmund (D:5)
  2 ice beasts
  A phantom (D:5)
  A necrophage (D:5)
  An ogre (D:4)
  A bullfrog (D:6)
  A scorpion (D:4)
  A howler monkey (D:6)
  2 crimson imps
  A jelly (D:5)
  An orc priest (D:6)
  A bullfrog skeleton (D:5)
  3 orc wizards
  4 worker ants
  A hound zombie (D:6)
  A howler monkey zombie (D:5)
  4 adders
  An ooze (D:1)
  2 adder skeletons (D:4)
  An adder zombie (D:5)
  3 worms
  3 dart slugs
  7 leopard geckos
  12 orcs
  A giant cockroach (D:1)
  6 goblins
  9 hobgoblins
  7 jackals
  4 quokkas
  A ball python (D:3)
  A bat (D:1)
  3 frilled lizards (D:1)
  A jackal skeleton (D:5)
  6 kobolds
  4 rats
100 creatures vanquished.

Notes
Turn   | Place    | Note
-------+----------+-------------------------------------------
     0 | D:1      | DogServant the Draconian Transmuter began the quest for the
                  | Orb.
     0 | D:1      | Reached XP level 1. HP: 16/16 MP: 3/3
   159 | D:1      | Reached XP level 2. HP: 13/23 MP: 0/5
   652 | D:1      | Reached XP level 3. HP: 27/28 MP: 4/6
  1708 | D:2      | Found a runed door.
  1807 | D:3      | Noticed Grinder
  1888 | D:3      | Reached skill level 4 in Unarmed Combat
  1896 | D:3      | Reached XP level 4. HP: 28/35 MP: 5/7
  2377 | D:3      | Found a corrupted altar of Lugonu.
  2377 | D:3      | Found a hide-covered altar of Uskayaw.
  2425 | D:3      | Learned a level 3 spell: Spider Form
  2440 | D:3      | Killed Grinder
  2440 | D:3      | Reached skill level 5 in Unarmed Combat
  2440 | D:3      | Reached XP level 5. HP: 11/40 MP: 5/8
  2440 | D:3      | Reached XP level 6. HP: 13/47 MP: 5/9
  2889 | D:4      | Found a shimmering altar of Xom.
  3187 | D:4      | Reached skill level 1 in Poison Magic
  3208 | D:4      | Reached skill level 6 in Unarmed Combat
  3215 | D:4      | Noticed a sky beast
  3270 | D:5      | Entered Level 5 of the Dungeon
  3270 | D:5      | Found a glowing golden altar of the Shining One.
  3273 | D:5      | Got a scintillating lead ring
  3276 | D:5      | Found an ornate altar of the Wu Jian Council.
  3300 | D:5      | Became a worshipper of the Wu Jian Council
  3319 | D:5      | Your scales start taking on a rich purple colour.
  3319 | D:5      | Reached XP level 7. HP: 37/55 MP: 10/10
  3491 | D:5      | Found an iron altar of Okawaru.
  3492 | D:5      | Found an opulent altar of Gozag.
  3914 | D:5      | Reached skill level 7 in Unarmed Combat
  3957 | D:5      | Noticed Edmund
  3962 | D:5      | Learned a level 2 spell: Sticks to Snakes
  3980 | D:5      | Killed Edmund
  3980 | D:5      | Reached XP level 8. HP: 55/63 MP: 9/11
  4535 | D:6      | Reached * piety under Wu Jian
  4812 | D:6      | Found a staircase to the Ecumenical Temple.
  4849 | D:6      | Mangled by an orc warrior

Skill      XL: |  1  2  3  4  5  6  7  8 |
---------------+-------------------------+-----
Transmutations | 3 4 |  4.4
Unarmed Combat | 4 5 6 7 |  7.8
Dodging        | 2 3 |  3.7
Poison Magic   | 1 2 3 |  3.4
Fighting       | 2 3 4 |  4.0
Spellcasting   | |  2.4

Action                   |  1- 3 |  4- 6 |  7- 9 || total
-------------------------+-------+-------+-------++-------
Melee: Unarmed           |   140 |   125 |   212 ||   477
       Kick              |     8 |     8 |    14 ||    30
       Tailslap          |    13 |    12 |    25 ||    50
       Headbutt          |     5 |    12 |     9 ||    26
       Punch             |     2 |     6 |     7 ||    15
 Fire: Blowgun           |       |       |     3 ||     3
 Cast: Beastly Appendage |    18 |    18 |    13 ||    49
       Spider Form       |       |     2 |       ||     2
       Sticks to Snakes  |       |       |     1 ||     1
Invok: Lunge             |       |     1 |     8 ||     9
       Whirlwind         |       |       |    19 ||    19
 Abil: Breathe Dispellin |       |       |     1 ||     1
  Use: Scroll            |     3 |     5 |       ||     8
       Potion            |       |       |     1 ||     1
 Stab: Sleeping          |     2 |     1 |     1 ||     4
  Eat: Chunk             |     5 |     9 |     7 ||    21
       Ration            |       |       |     1 ||     1
Armor: Skin              |    35 |    27 |    39 ||   101
Dodge: Dodged            |    98 |    97 |   123 ||   318
